 Dungeon Crawl Stone Soup version 0.30-a0-860-g512cf1e979 (webtiles) character file.

Game seed: 17151944156112170946

59 Ayihk420 the Grave Robber (level 3, 0/19 HPs)
             Began as a Deep Elf Necromancer on Mar 8, 2023.
             Was an Initiate of Yredelemnul.
             Slain by a gnoll
             ... wielding a +0 halberd
              (12 damage)
             ... on level 2 of the Dungeon.
             The game lasted 00:11:46 (1769 turns).

Ayihk420 the Grave Robber (Deep Elf Necromancer)    Turns: 1769, Time: 00:11:48

Health: 0/19       AC:  3    Str:  5    XL:     3   Next: 78%
Magic:  4/10       EV: 13    Int: 21    God:    Yredelemnul [......]
Gold:   135        SH:  0    Dex: 15    Spells: 8/9 levels left

rFire   . . .      SeeInvis .    g - +1 short sword (drain)
rCold   . . .      Faith    .    (no shield)
rNeg    . . .      Spirit   .    a - +0 robe
rPois   .          Reflect  .    (no helmet)
rElec   .          Rampage  .    i - +0 cloak
rCorr   .                        (no gloves)
Will    .....                    (no boots)
Stlth   ++                       (no amulet)
HPRegen 0.23/turn                (no ring)
MPRegen 0.12/turn                (no ring)

@: very slightly contaminated
A: no striking features
a: Renounce Religion, Recall Undead Harvest


You were on level 2 of the Dungeon.
You worshipped Yredelemnul.
Yredelemnul was noncommittal.
You visited 1 branch of the dungeon, and saw 2 of its levels.

You collected 135 gold pieces.

Inventory:

Hand Weapons
 c - a +0 dagger
 g - a +1 short sword of draining (weapon)
Armour
 a - a +0 robe (worn)
 i - a +0 cloak (worn)
Scrolls
 d - a scroll of identify {unknown}
 e - a scroll of amnesia {unknown}
 h - a scroll of magic mapping {unknown}
Potions
 b - a potion of magic
 f - a potion of brilliance {unknown}


   Skills:
 * Level 3.7 Dodging
 - Level 2.4 Stealth
 + Level 3.6 Spellcasting
 * Level 5.5 Necromancy


You had 8 spell levels left.
You knew the following spells:

 Your Spells              Type           Power      Damage    Failure   Level
a - Necrotise             Necr           100%       1d9       1%          1

Your spell library contained the following spells:

 Spells                   Type           Power      Damage    Failure   Level
 Vampiric Draining        Necr           27%        2d7       3%          3
 Agony                    Necr           27%        N/A       34%         5
 Haunt                    Necr/Summ      7%         N/A       100%        7
 Infestation              Necr           13%        N/A       100%        8
 Animate Dead             Necr           Unusable   N/A       N/A         4

Dungeon Overview and Level Annotations

Branches:
Dungeon (2/15)

Altars:
Yredelemnul


Message History

Your gnoll zombie is destroyed!
The gnoll hits your goblin zombie with a +0 whip.
Really fire in your goblin zombie's direction?
Okay, then.
Your goblin zombie barely misses the gnoll.
Your adder zombie bites the gnoll.
The gnoll hits your ball python zombie with a +0 whip.
Your goblin zombie hits the gnoll.
Your adder zombie bites the gnoll.
Your ball python zombie barely misses the gnoll.
Your ball python zombie grabs the gnoll.
Your ball python zombie constricts the gnoll.
You can't see any susceptible monsters within range! (Use Z to cast anyway.)
The gnoll barely misses your ball python zombie.
The gnoll hits your ball python zombie with a +0 halberd!
Your ball python zombie is destroyed!
Your adder zombie bites the gnoll.
Your goblin zombie hits the gnoll but does no damage.
Really fire in your adder zombie's direction?
Uppercase [Y]es or [N]o only, please.
Really fire in your adder zombie's direction?
The adder zombie is unaffected.
The gnoll hits your goblin zombie with a +0 whip.
Your goblin zombie is destroyed!
You can't see any susceptible monsters within range! (Use Z to cast anyway.)
The adder zombie attacks as you move away!
The adder zombie barely misses you.
You see here 6 stones.
The adder zombie bites you.
The adder zombie attacks as you move away!
The adder zombie bites you but does no damage.
The gnoll writhes in agony!
The gnoll writhes in agony.
The gnoll hits you from afar with a +0 halberd!
You miscast Necrotise.
You are very lightly contaminated with residual magic.
Nothing appears to happen.
The gnoll hits you from afar with a +0 halberd!
Ouch! That really hurt!
You die...
Your body rises from the dead as a mindless zombie.

#######.#.......
####
...#.#....... ##
###.#.#.......
....
#.....).......
.###
#.#.#.........
#(##.#......
#.Zg.#......
####.# ##.## #@#
# #.# #.# #.#
... #.# #.. ###


You could see a gnoll.

Vanquished Creatures
  A gnoll (D:2)
  An adder (D:2)
  2 dart slugs (D:1)
  4 ball pythons
  A bat (D:1)
  8 endoplasms (D:1)
  A hobgoblin (D:1)
  A quokka (D:1)
  3 goblins
  4 kobolds
26 creatures vanquished.

Vanquished Creatures (collateral kills)
  A worm (D:2)
  A ball python (D:1)
  A goblin (D:1)
  A hobgoblin (D:1)
4 creatures vanquished.

Vanquished Creatures (others)
  A gnoll zombie (D:2)
  A ball python zombie (D:2)
  A goblin zombie (D:2)
  A kobold zombie (D:2)
4 creatures vanquished.

Grand Total: 34 creatures vanquished

Notes
Turn   | Place    | Note
-------+----------+-------------------------------------------
     0 | D:1      | Ayihk420 the Deep Elf Necromancer began the quest for the
                  | Orb.
     0 | D:1      | Reached XP level 1. HP: 10/10 MP: 6/6
   177 | D:1      | Reached skill level 5 in Necromancy
   240 | D:1      | Reached XP level 2. HP: 15/15 MP: 1/8
   577 | D:1      | Found a faded altar of an unknown god.
   638 | D:1      | Prayed at the altar of an unknown god.
   638 | D:1      | Became a worshipper of Yredelemnul the Dark
   638 | D:1      | Reached * piety under Yredelemnul
   686 | D:1      | Reached XP level 3. HP: 19/19 MP: 5/9
  1769 | D:2      | Slain by a gnoll

Illustrated notes

Levels and vault maps discovered:
D:1:      lemuel_arrival_hallway, layout_basic,
          shapermc_ecumenical_altar_starsandcircs, minmay_tetromino_l4
D:2:      layout_basic

Skill      XL: |  1  2 |
---------------+-------+-----
Necromancy     | 5 |  5.5
Dodging        | 3 |  3.7
Stealth        | |  2.4
Spellcasting   | |  3.6

Action                     || total
---------------------------++-------
  Melee: Unarmed           ||     4
   Cast: Necrotise         ||    62
 Invoke: Recall Undead Har ||     1
 Armour: Robe              ||     4
  Dodge: Dodged            ||    18

Table legend: (Time is in decaauts)
 A = Elapsed time spent in this place.
 B = Non-inter-level travel time spent in this place.
 C = Inter-level travel time spent in this place.
 D = Time resting spent in this place.
 E = Time spent auto-exploring this place.
 F = Levels seen in this place.
 G = Mean time per level.
                   A        B        C        D        E       F      G
               +--------+--------+--------+--------+--------+-----+--------+
         Total |   1771 |   1771 |      0 |    423 |   1005 |   2 |  885.5 |
       Dungeon |   1771 |   1771 |      0 |    423 |   1005 |   2 |  885.5 |
               +--------+--------+--------+--------+--------+-----+--------+

Top non-repeatable levels by time:
     D:1: 1347 daAuts
     D:2: 423 daAuts
